 Dungeon Crawl Stone Soup version 0.30-a0-702-gdf48620a09 (webtiles) character file.

Game seed: 2042526637100240493

95 tilp the Covered (level 5, -9/46 HPs)
             Began as a Meteoran Fighter on Jan 21, 2023.
             Mangled by an orc warrior
             ... wielding a +0 long sword
              (12 damage)
             ... on level 4 of the Dungeon.
             The game lasted 00:03:26 (684 turns).

tilp the Covered (Meteoran Fighter)                  Turns: 684, Time: 00:03:27

Health: -9/46      AC:  8    Str: 17    XL:     5   Next: 18%
Magic:  6/6        EV: 10    Int:  9    God:
Gold:   64         SH:  5    Dex: 16    Spells: 4/4 levels left

rFire   . . .      SeeInvis .    a - +0 long sword
rCold   . . .      Faith    .    c - +0 buckler
rNeg    . . .      Spirit   .    b - +0 scale mail
rPois   .          Reflect  .    (no helmet)
rElec   .          Harm     .    o - +0 cloak
rCorr   .          Rampage  .    (no gloves)
Will    .....                    (no boots) Stlth
                                 (no amulet)
HPRegen 0.27/turn                (no ring)
MPRegen 0.10/turn                (no ring)

@: mighty, brilliant, glowing
A: sense surroundings 1, otherworldly, glowing, explore regen
a: no special abilities


You were on level 4 of the Dungeon.
You visited 1 branch of the dungeon, and saw 4 of its levels.

You collected 64 gold pieces.

Inventory:

Hand Weapons
 a - a +0 long sword (weapon)
Missiles
 e - 16 stones
 f - 5 boomerangs (quivered)
Armour
 b - a +0 scale mail (worn)
 c - a +0 buckler (worn)
 o - a +0 cloak (worn)
Jewellery
 l - a ring of flight
 p - a +6 ring of strength
Scrolls
 g - a scroll of magic mapping {unknown}
 i - a scroll of blinking {unknown}
 j - a scroll of teleportation {unknown}
 m - a scroll of enchant weapon {unknown}
Potions
 d - a potion of might
 n - a potion of lignification {unknown}


   Skills:
 + Level 3.7 Fighting
 + Level 3.2 Long Blades
 - Level 4.0 Armour
 * Level 2.8 Dodging
 + Level 1.0 Stealth
 - Level 4.0 Shields


You had 4 spell levels left.
You didn't know any spells.
Your spell library was empty.

Dungeon Overview and Level Annotations

Branches:
Dungeon (4/15) Zot: 1682
 Temple: D:4-7

Altars:


Innate Abilities, Weirdness & Mutations

You passively map a small area around you.
You are easily found by Zot.
You glow in the dark.
You regain HP and MP as you explore.


Message History

The orc warrior hits you with a +0 long sword.
You closely miss the orc warrior.
The orc warrior hits you with a +0 long sword!
* * * LOW HITPOINT WARNING * * *
You closely miss the orc warrior. You block the orc warrior's attack.
You barely miss the orc warrior.
The orc warrior hits you with a +0 long sword.
* * * LOW HITPOINT WARNING * * *
The orc warrior misses you.
You barely miss the orc warrior. You block the orc warrior's attack.
Unknown command.
It was a potion of brilliance.
You feel clever all of a sudden.
The orc warrior hits you but does no damage.
It was a potion of ambrosia.
You are confused.
You feel invigorated.
The orc warrior hits you with a +0 long sword.
* * * LOW HITPOINT WARNING * * *
Okay, then.
Unknown command.
You hit the orc warrior.
The orc warrior is lightly wounded.
The orc warrior hits you with a +0 long sword!
* * * LOW HITPOINT WARNING * * *
You bump into the stone wall.
The orc warrior hits you with a +0 long sword.
* * * LOW HITPOINT WARNING * * *
You slash the orc warrior!
The orc warrior is severely wounded.
The orc warrior hits you with a +0 long sword!
* * * LOW HITPOINT WARNING * * *
You barely miss the orc warrior.
The orc warrior is severely wounded.
You feel less invigorated.
You feel less confused.
The orc warrior hits you with a +0 long sword.
* * * LOW HITPOINT WARNING * * *
The orc warrior hits you with a +0 long sword!
You die...

* , .# .# * .*##
##.# , , , .. ..
...** * , #.#. #..,
,, # .#....#.#
.#### * ,
......#.#####.....#
* ,
..=#......)@oo.# ,
.......<#####.##*
.....#.## *,#,
*#.#...# * * , #
#... * , #... , #..
* * #.. ,,, #., , *
, *


You could see an orc warrior and an orc.

Vanquished Creatures
  5 adders
  A shadow imp (D:3)
  A dart slug (D:1)
  An orc (D:4)
  5 ball pythons
  An endoplasm (D:1)
  3 giant cockroaches
  A goblin (D:2)
  2 hobgoblins
  4 jackals (D:3)
  9 bats
  A frilled lizard (D:1)
  8 rats
42 creatures vanquished.

Notes
Turn   | Place    | Note
-------+----------+-------------------------------------------
     0 | D:1      | tilp the Meteoran Fighter began the quest for the Orb.
     0 | D:1      | Reached XP level 1. HP: 19/19 MP: 2/2
    49 | D:1      | Reached XP level 2. HP: 26/26 MP: 3/3
   129 | D:1      | Reached skill level 1 in Dodging
   339 | D:2      | Reached XP level 3. HP: 24/31 MP: 4/4
   367 | D:2      | Reached XP level 4. HP: 38/38 MP: 5/5
   646 | D:3      | Reached XP level 5. HP: 42/45 MP: 6/6
   647 | D:3      | Reached skill level 1 in Stealth
   668 | D:4      | Noticed an orc warrior
   683 | D:4      | HP: 2/46 [orc warrior/+0 long sword (11)]
   684 | D:4      | Mangled by an orc warrior

Illustrated notes

Levels and vault maps discovered:
D:1:      mrwooster_arrival_statue_2, layout_basic, minmay_misc_feat_chi
D:2:      minmay_skewed_foursquare, layout_basic, serial_shops,
          nicolae_diamond_shop, skrybe_limestone_x,
          chequers_serial_rivers_micro_d, dreamdust_princess_bridge
D:3:      layout_basic, chequers_ecumenical_altar_simple
D:4:      layout_loops_cross, nicolae_ossuary_entry_plus, chequers_arboretum,
          nicolae_grassy_gnolls

Skill      XL: |  1  2  3  4  5 |
---------------+----------------+-----
Dodging        | 1 2 |  2.8
Armour         | 4 |  4.0
Long Blades    | 3 |  3.2
Shields        | 4 |  4.0
Stealth        | 1 |  1.0
Fighting       | |  3.7

Action                   |  1- 3 |  4- 6 || total
-------------------------+-------+-------++-------
Melee: Long sword        |    43 |    68 ||   111
  Use: Potion            |       |     3 ||     3
Armor: Scale mail        |    34 |    45 ||    79
Dodge: Dodged            |    17 |    31 ||    48
Block: Buckler           |    16 |    18 ||    34

Table legend: (Time is in decaauts)
 A = Elapsed time spent in this place.
 B = Non-inter-level travel time spent in this place.
 C = Inter-level travel time spent in this place.
 D = Time resting spent in this place.
 E = Time spent auto-exploring this place.
 F = Levels seen in this place.
 G = Mean time per level.
                   A        B        C        D        E       F      G
               +--------+--------+--------+--------+--------+-----+--------+
         Total |    716 |    689 |     27 |      0 |      0 |   4 |  179.0 |
       Dungeon |    716 |    689 |     27 |      0 |      0 |   4 |  179.0 |
               +--------+--------+--------+--------+--------+-----+--------+

Top non-repeatable levels by time:
     D:2: 322 daAuts
     D:1: 296 daAuts
     D:3: 76 daAuts
     D:4: 21 daAuts
